 Dungeon Sprint DCSS version 0.27-a0-1278-g6cbc8dfb29 (webtiles) character file.

Game seed: 17697080354711717089

7672 mhtbhm the Ripper (level 10, 0/82 HPs)
             Began as a Felid Berserker on June 12, 2021.
             Was the Champion of Trog.
             Slain by a fire giant (8 damage)
             ... in the Dungeon (Sprint I: "Red Sonja").
             The game lasted 00:05:57 (4055 turns).

mhtbhm the Ripper (Felid Berserker)                 Turns: 4055, Time: 00:05:58

Health: 0/82       AC:  2    Str: 16    XL:     10   Next: 99%
Magic:  11/11      EV: 30    Int:  9    God:    Trog [******]
Gold:   1779       SH:  0    Dex: 16    Spells: 9/9 levels left
                                        Lives:  0   Deaths: 2

rFire    . . .     SeeInvis +     - Unarmed
rCold    + . .     Faith    .   (shield unavailable)
rNeg     . . .     Spirit   .   (armour unavailable)
rPois    +         Reflect  .   (helmet unavailable)
rElec    .         Harm     .   (cloak unavailable)
rCorr    .         Rampage  .   (gloves unavailable)
Will     +....     NoTele   +   (boots unavailable)
Stlth    ..........             (no amulet)
HPRegen  0.23/turn              l - ring "Osiakani" {rPois rC+}
MPRegen  0.12/turn              (no ring)

@: berserking, studying Fighting, very quick
A: very small, claws 1, fangs 3, see invisible, speed 1, shaggy fur 2, stealthy
paws, no weapons or thrown items, no armour, multi-lived
a: Renounce Religion, Berserk, Trog's Hand, Brothers in Arms


You were in the Dungeon.
You worshipped Trog.
Trog was exalted by your worship.
You visited 1 branch You collected 2478 gold pieces.
You spent 699 gold pieces at shops.

Inventory:

Jewellery
 l - the ring "Osiakani" (left paw) {rPois rC+}
   (You found it in the Dungeon)

   [ring of protection from cold]

   It protects you from cold.
   It protects you from poison.
Wands
 i - a wand of mindburst (17)
Potions
 a - 5 potions of curing
 c - a potion of haste
 d - 2 potions of magic
 e - a potion of berserk rage
 g - a potion of flight
 h - a potion of might {unknown}


   Skills:
 + Level 13.0 Fighting
 + Level 18.8 Dodging
 + Level 12.1 Stealth
 + Level 20.4 Unarmed Combat


You had 9 spell levels left.
You didn't know any spells.
Your spell library was empty.

Dungeon Overview and Level Annotations

Branches:
Dungeon (1/1)

Altars:
Cheibriados
Dithmenos
Elyvilon
Fedhas
Gozag
Hepliaklqana
Kikubaaqudgha
Makhleb
Nemelex Xobeh
Okawaru
Qazlal
Ru
Sif Muna
Trog
Uskayaw
Vehumet
Wu Jian
Xom
Yredelemnul
Zin
The Shining One
Jiyva
Lugonu

Shops:
D (=(=[*??([([(*[[**


Innate Abilities, Weirdness & Mutations

You have sharp claws.
You have razor-sharp teeth.
You have supernaturally acute eyesight. (SInv)
You cover ground quickly. (Speed+)
You are covered in thick fur. (AC +2)
Your paws help you pounce on unaware monsters.
You are incapable of wielding weapons or throwing items.
You cannot wear armour.
You gain extra lives every three experience levels.


Message History

You are too injured to fight recklessly!
You are too injured to fight recklessly!
You are too injured to fight recklessly!
You are too injured to fight recklessly!
You are too injured to fight recklessly!
You are too injured to fight recklessly!
You are too injured to fight recklessly!
You scratch the fire giant but do no damage.
The fire giant is heavily wounded.
The fire giant completely misses you.
You completely miss the fire giant.
The fire giant is heavily wounded.
You mangle the fire giant!!
The fire giant is severely wounded.
Unknown command.
You scratch the fire giant.
The fire giant is almost dead.
The fire giant gestures at you while chanting.
The bolt of fire misses you.
You mangle the fire giant!!
You kill the fire giant!
Trog accepts your kill.
Trog appreciates your killing of a magic user.
Your Fighting skill increases to level 13!
Your Stealth skill increases to level 12!
The fire giant completely misses you.
The fire giant hits you with a +0 great sword of flaming!
* * * LOW HITPOINT WARNING * * *
The fire giant burns you.
* * * LOW HITPOINT WARNING * * *
Found an ivory wand, 26 bolts and 68 gold pieces.
Things that are here:
a +2 great sword of flaming; a fire giant corpse You claw the fire giant!
The fire giant is lightly wounded.
You mangle the fire giant!! You claw the fire giant!
The fire giant is heavily wounded.
The fire giant barely misses you.
The fire giant hits you with a +0 great sword of flaming!
You die...

#'###[###.#,,***,,**#..#+###,,≈#^
....'[∩##.#,,****,,*##...#,≈,,##.
#########§#*+*,,*,,*,###.#,≈,,#.§
......§##§#*,*,,,,,,,,,#§#**,,#..
.......§'§#***,,,,,,,,,#§#,+,,##.
'''######§#,,+,,,,,,####§#^**+*#.
.....§§§#§##***,,,###§§§§#^*≈≈≈##
.....§.#'.#$$:#####.§§####,*≈≈≈≈#
......≈####)..CC@...###^,,,*≈≈≈≈≈
.....§≈#*/)$...C#####,^,,****≈≈≈≈
...≈§≈##*($....#*,^,^,^,,*,,*+≈≈≈
≈≈≈≈### *$....#*,,,,,,,,,*,,,**≈≈
####'###*$$$$$*,,,^,^,^^,*,,,,***
#####∩∩#*####******,,,,^^*,,,,*≈≈
∩∩∩∩∩∩##*≈≈≈≈≈≈≈≈,*^,,,,^*******≈
####### *###*******,,,,^,+,,*,,',
*,,,,,+,,,,,^,,^,*,,+,,*,


You could see 3 fire giants.

Vanquished Creatures
  A fire giant (D)
  A hydra (D)
  2 centaur warriors (D)
  Sonja (D)
  A deep troll (D)
  A lindwurm (D)
  An oklob plant (D)
  2 kobold demonologists (D)
  7 unseen horrors (D)
  4 demonic crawlers (D)
  A hornet (D)
  A slime creature (D)
  Sigmund (D)
  2 redbacks (D)
  A yak (D)
  13 hogs (D)
  3 floating eyes (D)
  An ogre (D)
  7 necrophages (D)
  8 jellies (D)
  Ijyb (D)
  A ballistomycete spore (D)
61 creatures vanquished.

Vanquished Creatures (collateral kills)
  A golden dragon (D)
  A shadow dragon (D)
2 creatures vanquished.

Vanquished Creatures (others)
  A gargoyle (D)
  A ballistomycete spore (D)
2 creatures vanquished.

Grand Total: 65 creatures vanquished

Notes
Turn   | Place    | Note
-------+----------+-------------------------------------------
     0 | D        | mhtbhm the Felid Berserker began the quest for the Orb.
     0 | D        | Reached XP level 1. HP: 10/10 MP: 2/2
     2 | D        | Noticed Ijyb
     6 | D        | Killed Ijyb
     7 | D        | Reached skill level 5 in Dodging
     7 | D        | Reached skill level 4 in Unarmed Combat
     7 | D        | Reached XP level 2. HP: 15/15 MP: 3/3
   151 | D        | Noticed an ogre
   159 | D        | Killed an ogre
   160 | D        | Reached skill level 6 in Unarmed Combat
   160 | D        | Reached XP level 3. HP: 20/20 MP: 4/4
   160 | D        | Reached XP level 4. HP: 24/24 MP: 5/5
   302 | D        | Noticed Sigmund
   310 | D        | Killed Sigmund
   310 | D        | Reached ** piety under Trog
   311 | D        | Reached skill level 10 in Dodging
   311 | D        | Reached skill level 8 in Unarmed Combat
   311 | D        | Reached XP level 5. HP: 26/29 MP: 6/6
   311 | D        | Gained mutation: You are covered in thick fur. (AC +2)
                  | [Felid growth]
   311 | D        | Reached XP level 6. HP: 29/33 MP: 7/7
   428 | D        | Found an ornate altar of the Wu Jian Council.
   428 | D        | Found a shimmering blue altar of Sif Muna.
   430 | D        | Found a radiant altar of Vehumet.
   490 | D        | Found Usanis's Jewellery Emporium.
   490 | D        | Found an ancient bone altar of Kikubaaqudgha.
   490 | D        | Found a hazy altar of Hepliaklqana.
   490 | D        | Found a stormy altar of Qazlal.
   490 | D        | Found a hide-covered altar of Uskayaw.
   490 | D        | Found a blossoming altar of Fedhas.
   490 | D        | Found a bloodstained altar of Trog.
   490 | D        | Found an iron altar of Okawaru.
   490 | D        | Found a basalt altar of Yredelemnul.
   490 | D        | Found a glowing golden altar of the Shining One.
   490 | D        | Found a snail-covered altar of Cheibriados.
   490 | D        | Found a sacrificial altar of Ru.
   490 | D        | Found a glowing silver altar of Zin.
   490 | D        | Found a shadowy altar of Dithmenos.
   490 | D        | Found a white marble altar of Elyvilon.
   490 | D        | Noticed a yak
   495 | D        | Killed a yak
   496 | D        | Reached skill level 9 in Unarmed Combat
   496 | D        | Found an opulent altar of Gozag.
   497 | D        | Found a sparkling altar of Nemelex Xobeh.
   546 | D        | Found a burning altar of Makhleb.
   546 | D        | Found a viscous altar of Jiyva.
   546 | D        | Found a shimmering altar of Xom.
   546 | D        | Found a corrupted altar of Lugonu.
   546 | D        | Noticed a slime creature
   552 | D        | Killed a slime creature
   552 | D        | Reached *** piety under Trog
   553 | D        | Reached skill level 10 in Unarmed Combat
   553 | D        | Reached XP level 7. HP: 38/38 MP: 8/8
   581 | D        | Killed a gargoyle
   600 | D        | Noticed a kobold demonologist
   601 | D        | Noticed a kobold demonologist
   603 | D        | Noticed an ice devil
   610 | D        | Killed a kobold demonologist
   611 | D        | Reached skill level 11 in Unarmed Combat
   611 | D        | Reached XP level 8. HP: 43/43 MP: 9/9
   619 | D        | Killed a kobold demonologist
   619 | D        | Reached **** piety under Trog
   620 | D        | Reached skill level 10 in Fighting
   620 | D        | Reached skill level 12 in Unarmed Combat
   825 | D        | Noticed a centaur warrior
   828 | D        | Noticed a centaur warrior
   833 | D        | Killed a centaur warrior
   834 | D        | Reached skill level 13 in Unarmed Combat
   836 | D        | Killed a centaur warrior
   837 | D        | Reached skill level 15 in Dodging
   837 | D        | Reached XP level 9. HP: 6/48 MP: 10/10
  1114 | D        | Noticed a deep troll
  1122 | D        | Killed a deep troll
  1122 | D        | Reached ***** piety under Trog
  1123 | D        | Reached skill level 14 in Unarmed Combat
  1135 | D        | Found Paati's Armour Emporium.
  1344 | D        | Noticed an oklob plant
  1350 | D        | Killed an oklob plant
  1504 | D        | Reached skill level 15 in Unarmed Combat
  1504 | D        | Reached XP level 10. HP: 53/53 MP: 11/11
  1542 | D        | Reached skill level 5 in Stealth
  1663 | D        | Reached ****** piety under Trog
  1773 | D        | Reached skill level 16 in Unarmed Combat
  1819 | D        | Found Qaluf's Jewellery Shoppe.
  1819 | D        | Found Tinemmatus's Weapon Shop.
  1819 | D        | Found Rainuc's Armour Boutique.
  1821 | D        | Found Rotwoth's Assorted Antiques.
  1821 | D        | Found Piukue Opeu's Magic Scroll Shop.
  1821 | D        | Found Fauwohe's Magic Scroll Shoppe.
  1821 | D        | Found Dybev's Antique Weapon Boutique.
  1821 | D        | Found Leyphaf's Antique Armour Emporium.
  1821 | D        | Found Gezuv's Weapon Shop.
  1821 | D        | Found Zicw's Armour Shoppe.
  1825 | D        | Found Qydd's Antique Weapon Boutique.
  1826 | D        | Found Ingaw's Armour Emporium.
  1826 | D        | Found Vucwor's Assorted Antiques.
  1827 | D        | Found Xulabahixt's Assorted Antiques.
  1844 | D        | Bought a scroll of acquirement for 624 gold pieces
  1844 | D        | Acquired a manual of Fighting
  2182 | D        | Noticed a lindwurm
  2187 | D        | Killed a lindwurm
  2202 | D        | Reached skill level 17 in Unarmed Combat
  2219 | D        | Reached XP level 11. HP: 57/57 MP: 12/12
  2510 | D        | Noticed a 12-headed hydra
  2512 | D        | Killed a 12-headed hydra
  2513 | D        | Reached skill level 18 in Unarmed Combat
  2576 | D        | Noticed Sonja
  2580 | D        | Killed Sonja
  2581 | D        | Reached skill level 10 in Stealth
  2593 | D        | Found Bolaag's Weapon Boutique.
  2913 | D        | Engulfed by a cloud of steam
  2914 | D        | Reached XP level 10. HP: -2/54 MP: 11/11
  3039 | D        | Noticed a shadow dragon
  3039 | D        | Noticed a golden dragon
  3052 | D        | Slain by a shadow dragon
  3053 | D        | Reached XP level 9. HP: 0/67 MP: 10/10
  3053 | D        | Found Baresh's Assorted Antiques.
  3060 | D        | Killed a golden dragon
  3061 | D        | Reached skill level 19 in Unarmed Combat
  3061 | D        | Reached XP level 10. HP: 54/54 MP: 11/11
  3062 | D        | Killed a shadow dragon
  3072 | D        | Identified the +3 pearl dragon scales of the Nine Hosts
                  | {rN+ Str+3}
  3074 | D        | Identified the ring "Osiakani" {rPois rC+}
  3306 | D        | Bought 2 scrolls labelled PASMEUG CUIGIB for 30 gold pieces
  3306 | D        | Bought a scroll labelled PASMEUG CUIGIB for 15 gold pieces
  3306 | D        | Bought a scroll labelled VEONYF KEPIXI for 15 gold pieces
  3306 | D        | Bought a scroll labelled VEONYF KEPIXI for 15 gold pieces
  3341 | D        | HP: 1/54 [something (9)]
  3744 | D        | Noticed a daeva
  3772 | D        | Reached skill level 20 in Unarmed Combat
  4041 | D        | Noticed a fire giant
  4042 | D        | Noticed a fire giant
  4043 | D        | Noticed a fire giant
  4044 | D        | Noticed a fire giant
  4052 | D        | Killed a fire giant
  4055 | D        | Slain by a fire giant

Illustrated notes

Levels and vault maps discovered:
D:        dungeon_sprint_1 [red_sonja_temple_1, red_sonja_temple_small_1]

Skill      XL: |  1  2  3  4  5  6  7  8  9 10 11 |
---------------+----------------------------------+-----
Fighting       | 4 6 7 9 11 13 | 13.0
Dodging        | 5 8 10 12 13 15 16 17 18 | 18.8
Unarmed Combat | 4 6 8 10 11 13 19 20 18 | 20.4
Stealth        | 2 4 12 10 | 12.1

Action                   |  1- 3 |  4- 6 |  7- 9 | 10-12 || total
-------------------------+-------+-------+-------+-------++-------
Melee: Unarmed           |     8 |    17 |    41 |   130 ||   196
       Bite              |     2 |     1 |     5 |    20 ||    28
       Punch             |       |     3 |     1 |    12 ||    16
Invok: Berserk           |     2 |     4 |     5 |     8 ||    19
       Brothers in Arms  |       |       |       |     2 ||     2
       Trog's Hand       |       |       |       |     1 ||     1
  Use: Scroll            |       |       |     1 |     9 ||    10
       Potion            |       |       |     1 |     1 ||     2
 Stab: Sleeping          |       |       |     2 |     8 ||    10
Armor: Skin              |       |       |     5 |     4 ||     9
Dodge: Dodged            |     4 |     7 |    75 |   114 ||   200

Table legend: (Time is in decaauts)
 A = Elapsed time spent in this place.
 B = Non-inter-level travel time spent in this place.
 C = Inter-level travel time spent in this place.
 D = Time resting spent in this place.
 E = Time spent auto-exploring this place.
 F = Levels seen in this place.
 G = Mean time per level.
                   A        B        C        D        E       F      G
               +--------+--------+--------+--------+--------+-----+--------+
         Total |   4007 |   3978 |     29 |   3104 |      0 |   1 | 4007.0 |
       Dungeon |   4007 |   3978 |     29 |   3104 |      0 |   1 | 4007.0 |
               +--------+--------+--------+--------+--------+-----+--------+

Top non-repeatable levels by time:
       D: 4007 daAuts
